 Dungeon Crawl Stone Soup version 0.21.1-1-g345015fe64 (webtiles) character file.

733 Lusmu the Firebug (level 7, -5/50 HPs)
             Began as a Black Draconian Fire Elementalist on Apr 9, 2018.
             Was a Follower of Vehumet.
             Slain by an orc warrior
             ... wielding a +0 hand axe
              (13 damage)
             ... in the Ecumenical Temple.
             The game lasted 00:28:04 (7778 turns).

Lusmu the Firebug (DrFE)                            Turns: 7778, Time: 00:28:04

Health: -5/50      AC:  6    Str: 10    XL:     7   Next: 45%
Magic:  1/10       EV: 12    Int: 16    God:    Vehumet [*.....]
Gold:   341        SH:  0    Dex: 13    Spells: 6/10 levels left

rFire    + + .     SeeInvis .   f - +0 dagger
rCold    . . .     Gourm    .   (no shield)
rNeg     . . .     Faith    .   (armour unavailable)
rPois    .         Spirit   .   (helmet restricted)
rElec    +         Reflect  .   w - scarf {rC+ rF+}
rCorr    .         Harm     .   (no gloves)
MR       .....                  (no boots)
Stlth    ++........             (no amulet)
HPRegen  0.16/turn              t - ring of fire
MPRegen  0.12/turn              (no ring)

@: no status effects
A: breathe lightning, unfitting armour, electricity resistance, cold-blooded, AC
+6
a: Breathe Lightning, Renounce Religion


You were in the Ecumenical Temple.
You worshipped Vehumet.
Vehumet was aware of your devotion.
You were hungry.

You visited 2 branches of the dungeon, and saw 6 of its levels.
You also visited: Sewer.

You collected 341 gold pieces.

Inventory:

Hand Weapons
 f - a +0 dagger (weapon)
 l - a +0 hunting sling
Missiles
 j - 44 poisoned needles
 k - 81 sling bullets
 y - 4 tomahawks (quivered)
 z - 6 curare-tipped needles
Armour
 w - a scarf of resistance (worn)
Jewellery
 t - a ring of fire (left hand)
Wands
 g - a wand of disintegration (1)
Scrolls
 c - a scroll of enchant weapon
 d - 2 scrolls of blinking {unknown}
 h - 3 scrolls of remove curse
 n - a scroll of fog {unknown}
 o - 2 scrolls of magic mapping {unknown}
 r - a scroll of immolation {unknown}
 u - a scroll of enchant armour {unknown}
 A - a scroll of identify
Potions
 e - a potion of cancellation
 i - 2 potions of curing
 m - a potion of agility
 p - 2 potions of mutation {unknown}
 q - 2 potions of degeneration {unknown}
 s - a potion of heal wounds {unknown}
Books
 a - a book of Flames

   Spells                             Type                      Level
   a - Flame Tongue                   Conjuration/Fire             1
   b - Throw Flame                    Conjuration/Fire             2
   c - Conjure Flame                  Conjuration/Fire             3
   d - Inner Flame                    Hexes/Fire                   3
   e - Sticky Flame                   Conjuration/Fire             4
   f - Fireball                       Conjuration/Fire             5
 x - a book of Cantrips

   Spells                             Type                      Level
   a - Confusing Touch                Hexes                        1
   b - Animate Skeleton               Necromancy                   1
   c - Summon Small Mammal            Summoning                    1
   d - Apportation                    Translocation                1
Comestibles
 b - 6 rations
 B - 3 chunks of flesh


   Skills:
 - Level 1.7 Dodging
 - Level 1.7 Stealth
 - Level 2.0 Spellcasting
 * Level 5.8 Conjurations
 * Level 6.6 Fire Magic


You had 6 spell levels left.
You knew the following spells:

 Your Spells              Type           Power        Failure   Level  Hunger
a - Flame Tongue          Conj/Fire      ####.        1%          1    #......
b - Conjure Flame         Conj/Fire      ####....     4%          3    ###....


Dungeon Overview and Level Annotations

Branches:
Dungeon (5/15)             Temple (1/1) D:5

Altars:
Ashenzari
Dithmenos
Fedhas
Hepliaklqana
Kikubaaqudgha
Makhleb
Okawaru
Ru
Sif Muna
Trog
Vehumet
Wu Jian
Yredelemnul
Zin
The Shining One

Shops:
D:4 **%

Annotations:
D:3 exclusion: oklob plant
D:4 Grinder


Innate Abilities, Weirdness & Mutations

You can breathe wild blasts of lightning.
Your glossy black scales are hard. (AC +6)
You cannot fit into any form of body armour.
You are resistant to electric shocks. (rElec)
You are cold-blooded and may be slowed by cold attacks.


Message History

The orc warrior struggles to resist.
You hear a shout!
The orc hits you but does no damage.
That item cannot be evoked!
Evoke which item? (* to show all) (? for menu, Esc to quit)
Aiming: Disintegrate
Press: ? - help, Shift-Dir - straight line, f/p - orc warrior
Aim: an orc warrior, wielding a hand axe and wearing a plate armour (heavily wounded, chance to defeat MR: 65%)
The orc warrior struggles to resist.
The orc warrior closely misses you.
There is a staircase to the Ecumenical Temple here.
You can't go up here!
The orc warrior hits you with a hand axe!!
* * * LOW HITPOINT WARNING * * *
The orc hits you from afar with a trident.
* * * LOW HITPOINT WARNING * * *
You climb downwards.
Welcome back to the Ecumenical Temple!
There is a staircase back to the Dungeon here.
It was a potion of cancellation.
You feel magically purged.
The orc warrior hits you with a hand axe!
You die...

≈≈≈≈≈≈≈.≈≈#≈≈...≈...≈≈#≈≈.≈≈≈≈≈≈≈
≈≈≈≈≈≈≈≈.≈≈≈.≈≈...≈≈.≈≈≈.≈≈≈≈≈≈≈≈
≈≈≈≈≈≈≈≈≈...≈≈≈...≈≈≈...≈≈≈≈≈≈≈≈≈
≈≈≈≈≈≈≈≈≈≈≈≈≈≈≈...≈≈≈≈≈≈≈≈≈≈≈≈≈≈≈
≈≈≈≈≈≈≈≈≈≈≈≈≈≈≈...≈≈≈≈≈≈≈≈≈≈≈≈≈≈≈
≈≈≈≈≈≈≈≈≈≈≈≈≈≈.....≈≈≈≈≈≈≈≈≈≈≈≈≈≈
≈≈≈≈≈≈≈≈.................≈≈≈≈≈≈≈≈
≈≈≈≈≈≈≈.........o.........≈≈≈≈≈≈≈
≈≈≈≈≈≈≈...⌠.....@.....⌠...≈≈≈≈≈≈≈
≈≈≈≈≈≈≈...................≈≈≈≈≈≈≈
≈≈≈≈≈≈≈≈.................≈≈≈≈≈≈≈≈
≈≈≈≈≈≈≈≈≈≈≈≈≈≈≈≈≈≈≈≈≈≈≈≈≈≈≈≈≈≈≈≈≈
≈≈≈≈≈≈≈≈≈≈≈≈≈≈≈≈≈≈≈≈≈≈≈≈≈≈≈≈≈≈≈≈≈
≈≈≈≈≈≈≈≈≈≈≈≈≈≈≈≈≈≈≈≈≈≈≈≈≈≈≈≈≈≈≈≈≈
≈≈≈≈≈≈≈≈≈≈≈≈≈≈≈≈≈≈≈≈≈≈≈≈≈≈≈≈≈≈≈≈≈
≈≈≈≈≈≈≈≈≈≈≈≈≈≈≈≈≈≈≈≈≈≈≈≈≈≈≈≈≈≈≈≈≈
≈≈≈≈≈≈≈≈≈≈≈≈≈≈≈≈≈≈≈≈≈≈≈≈≈≈≈≈≈≈≈≈≈


You could see an orc warrior.

Vanquished Creatures
  An ogre (D:4)
  2 bullfrogs (Sewer)
  A hound (D:5)
  An orc priest (D:3)
  Ijyb (D:3)
  Terence (D:3)
  3 orc wizards
  A worker ant (D:4)
  A hound zombie (D:4)
  13 adders
  An ooze (D:2)
  A worm (D:3)
  2 dart slugs
  8 leopard geckos
  11 orcs
  14 giant cockroaches
  11 hobgoblins
  13 jackals
  2 quokkas
  6 ball pythons
  10 bats
  13 frilled lizards
  13 goblins
  7 kobolds
  10 rats
147 creatures vanquished.

Vanquished Creatures (others)
  6 fungi (D:1)
6 creatures vanquished.

Grand Total: 153 creatures vanquished

Notes
Turn   | Place    | Note
-------+----------+-------------------------------------------
     0 | D:1      | Lusmu the Draconian Fire Elementalist began the quest for the Orb.
     0 | D:1      | Reached XP level 1. HP: 14/14 MP: 3/3
   442 | D:1      | Reached XP level 2. HP: 18/20 MP: 0/5
   570 | D:1      | HP: 1/20 [frilled lizard (3)]
  1011 | D:1      | Reached XP level 3. HP: 26/26 MP: 6/6
  1877 | D:2      | Reached skill level 4 in Fire Magic
  2070 | D:2      | Reached XP level 4. HP: 33/33 MP: 4/7
  2598 | D:3      | Noticed Terence
  2683 | D:3      | Found a sacrificial altar of Ru.
  2722 | D:3      | Found a shadowy altar of Dithmenos.
  2837 | D:3      | Noticed Ijyb
  3222 | D:3      | Reached XP level 5. HP: 38/38 MP: 2/8
  3897 | D:3      | Killed Terence
  4014 | D:3      | Killed Ijyb
  4285 | D:3      | Found a blossoming altar of Fedhas.
  4298 | D:3      | Noticed an oklob plant
  4465 | D:2      | Reached skill level 5 in Fire Magic
  4968 | D:3      | Reached XP level 6. HP: 34/45 MP: 1/9
  5609 | D:4      | Noticed Grinder
  5652 | D:5      | Entered Level 5 of the Dungeon
  5798 | D:5      | Found a staircase to the Ecumenical Temple.
  5813 | Temple   | Entered the Ecumenical Temple
  6020 | Temple   | Became a worshipper of Vehumet
  6075 | D:5      | Learned a level 3 spell: Conjure Flame
  6078 | D:5      | Noticed an orc warrior
  6186 | D:4      | Found a glowing drain.
  6209 | Sewer    | Entered a sewer
  6584 | Sewer    | Reached skill level 5 in Conjurations
  6584 | Sewer    | Reached skill level 6 in Fire Magic
  7182 | D:4      | Found Xicuuden's Assorted Antiques.
  7184 | D:4      | Found Lasomuri's Gadget Shoppe.
  7184 | D:4      | Found Qot Goqo's Food Shoppe.
  7196 | D:4      | Found Caxzoimp's Assorted Antiques.
  7240 | D:4      | Your scales start taking on a glossy black colour.
  7240 | D:4      | Reached XP level 7. HP: 50/50 MP: 10/10
  7240 | D:4      | Gained mutation: You are resistant to electric shocks. (rElec) [Black Draconian growth]
  7760 | D:5      | Reached * piety under Vehumet
  7760 | D:5      | Offered knowledge of Freeze by Vehumet.
  7778 | Temple   | Slain by an orc warrior

Skill      XL: |  1  2  3  4  5  6 |
---------------+-------------------+-----
Conjurations   | 2 3 4 5 |  5.8
Fire Magic     | 4 5 6 |  6.6
Dodging        | |  1.7
Stealth        | |  1.7
Spellcasting   | |  2.0

Action                   |  1- 3 |  4- 6 |  7- 9 || total
-------------------------+-------+-------+-------++-------
Melee: Club              |    53 |       |       ||    53
       Unarmed           |     5 |       |       ||     5
       Dagger            |    53 |   182 |     4 ||   239
       Tailslap          |    11 |    14 |       ||    25
 Fire: Hunting sling     |       |     7 |       ||     7
 Cast: Flame Tongue      |    43 |   111 |    26 ||   180
 Abil: Breathe Lightning |       |       |     2 ||     2
Evoke: Wand              |       |       |     3 ||     3
  Use: Potion            |     1 |       |     1 ||     2
       Scroll            |       |     7 |       ||     7
 Stab: Sleeping          |     3 |     5 |     1 ||     9
  Eat: Chunk             |     4 |    19 |     2 ||    25
Armor: Skin              |    43 |    91 |     5 ||   139
Dodge: Dodged            |   109 |   166 |    16 ||   291
